 Dungeon Crawl Stone Soup version 0.28-a0-1206-g193881aaa2 (webtiles) character file.

Game seed: 10082560432648868340

0 spiderkeys the Ducker (level 1, -8/11 HPs)
             Began as a Spriggan Abyssal Knight on Dec 21, 2021.
             Was a Follower of Lugonu.
             Mangled by a large abomination (19 damage)
             ... on level 1 of the Abyss.
             The game lasted 00:00:53 (456 turns).

spiderkeys the Ducker (Spriggan Abyssal Knight)      Turns: 456, Time: 00:00:54

Health: -8/11      AC:  2    Str:  9    XL:     1   Next: 0%
Magic:  3/3        EV: 17    Int: 11    God:    Lugonu [*.....]
Gold:   0          SH:  0    Dex: 15    Spells: 0/0 levels left

rFire   . . .      SeeInvis +   a - +1 short sword
rCold   . . .      Faith    .   (shield restricted)
rNeg    . . .      Spirit   .   b - +0 robe
rPois   .          Reflect  .   (helmet restricted)
rElec   .          Harm     .   (no cloak)
rCorr   .          Rampage  .   (gloves unavailable)
Will    .....                   (boots unavailable)
Stlth   +.........              (no amulet)
HPRegen 0.03/turn               (no ring)
MPRegen 0.08/turn               (no ring)

@: very quick
A: very small, no large weapons, unfitting armour, see invisible, speed 3
a: Renounce Religion, Depart the Abyss


You were on level 1 of the Abyss.
You worshipped Lugonu.
Lugonu was aware of your devotion.
You visited 0 branches of the dungeon, and saw 0 of its levels.
You visited the Abyss 1 time.


Innate Abilities, Weirdness & Mutations

You are very small and have problems with some larger weapons.
You are too small for most types of armour.
You have supernaturally acute eyesight. (SInv)
You cover ground extremely quickly. (Speed+++)


   Skills:
 + Level 2.4 Fighting
 + Level 2.1 Short Blades
 + Level 3.2 Dodging
 + Level 1.7 Invocations


You couldn't memorise any spells.
You didn't know any spells.
Your spell library was empty.

Inventory:

Hand Weapons
 a - a +1 short sword (weapon)
Missiles
 c - 9 stones
 d - 16 poisoned darts
Armour
 b - a +0 robe (worn)

Dungeon Overview and Level Annotations

Branches:
Dungeon (0/15)

Altars:

.# # . #.# ..#.#.##.
.._ .. ##### ##.###.
###.#.#..#.. ... #
##. #.#.#.#.... .#
#.#.###....##.###..#
#..@.#.#.##.###. #.#
#.##X.............#.
# #.###############
... ..... #.....
.###+#


You could see a large abomination.


Message History

🤖 Initializing magus.rc ... ✅ Successfully initialized magus.rc [v1.9.10] Welcome, spiderkeys the Spriggan Abyssal Knight.
Below lies the Orb of Zot, rumoured to be powerful enough to resurrect a god...
Lugonu says: Depart the Abyss and spread corruption, my servant! (use the ability menu to exit the Abyss) Press ? for a list of commands and other information.
Found a corrupted altar of Lugonu.
You see here a +0 hand axe.
Found a gateway leading deeper into the Abyss.
You see here a +0 hand axe.
c - 9 stones A white imp comes into view.
A white imp is nearby!
A white imp comes into view.
A small abomination comes into view.
You see here 18 gold pieces.
A lurking horror comes into view.
An ice beast comes into view.
A tentacled starspawn comes into view.
You see here 16 poisoned darts.
d - 16 poisoned darts A tentacle flies out from the starspawn's body!
A starspawn tentacle comes into view.
A small abomination comes into view.
A small abomination comes into view.
A large abomination comes into view.
You enter the shallow water.
Moving in this stuff is going to be slow.
The small abomination hits you but does no damage.
Why would you want to do that?
You enter the shallow water.
Moving in this stuff is going to be slow.
The small abomination barely misses you.
The small abomination barely misses you.
Found a corrupted altar of Lugonu.
Found a broken altar of Ashenzari.
A large abomination comes into view.
The large abomination hits you!!
Ouch! That really hurt!
You die...

Action                   || total
-------------------------++-------
Armor: Robe              ||     1
Dodge: Dodged            ||     2

Levels and vault maps discovered:
Abyss:1:  base: Temple, base:
Temple

Notes
Turn   | Place    | Note
-------+----------+-------------------------------------------
     0 | Abyss:1  | spiderkeys the Spriggan Abyssal Knight began the quest for
                  | the Orb.
     0 | Abyss:1  | Reached XP level 1. HP: 11/11 MP: 3/3
     0 | Abyss:1  | magus.rc [v1.9.10]
   347 | Abyss:1  | Noticed a small abomination
   364 | Abyss:1  | Noticed an ice beast
   377 | Abyss:1  | Noticed a tentacled starspawn
   406 | Abyss:1  | Noticed a small abomination
   409 | Abyss:1  | Noticed a small abomination
   412 | Abyss:1  | Noticed a large abomination
   430 | Abyss:1  | Found a corrupted altar of Lugonu.
   442 | Abyss:1  | Found a broken altar of Ashenzari.
   453 | Abyss:1  | Noticed a large abomination
   456 | Abyss:1  | Mangled by a large abomination

Vanquished Creatures (others)
  2 starspawn tentacles (Abyss:1)
2 creatures vanquished.

Table legend:
 A = Non-vault XP
 B = Vault XP
 C = Vault XP percentage of total XP
 D = Non-vault monster count
 E = Vault monster count
 F = Vault count percentage of total count
                 A         B        C        D         E       F
            +---------+---------+-------+---------+---------+-------
      Total |       0 |       0 |   N/A |       0 |       0 |  -nan
            +---------+---------+-------+---------+---------+-------
            +---------+---------+-------+---------+---------+-------

Illustrated notes

Table legend: (Time is in decaauts)
 A = Elapsed time spent in this place.
 B = Non-inter-level travel time spent in this place.
 C = Inter-level travel time spent in this place.
 D = Time resting spent in this place.
 E = Time spent auto-exploring this place.
 F = Levels seen in this place.
 G = Mean time per level.
                   A        B        C        D        E       F      G
               +--------+--------+--------+--------+--------+-----+--------+
         Total |    276 |    276 |      0 |      0 |    177 |   1 |  276.0 |
         Abyss |    276 |    276 |      0 |      0 |    177 |   1 |  276.0 |
               +--------+--------+--------+--------+--------+-----+--------+

Top non-repeatable levels by time:
 Abyss:1: 276 daAuts
